Description

This build order is a variation of the classic Cannon Rush / Proxy Robo but with full stalkers after cannon rushing. It works really well and it's an in-base cannon rush.

You can't do it an all maps. The map need to have 2 things :

  • Natural expand easy to cannon rush
  • Creep should not reach the top of the ramp.

VOD

https://youtu.be/4JckiwVsh_A

Replay - Domaine des dormeurs EC (2)

Build Order

Get SALT Encoding   

  12  0:01  Probe  
  13  0:13  Probe (Chrono Boost)  
  14  0:17  Pylon  
  14  0:25  Probe (Chrono Boost)  
  15  0:35  Probe (Chrono Boost)  
  16  0:38  Forge  
  16  0:43  Probe  
  16  0:47  Assimilator  
  17  0:55  Probe  
  18  1:07  Pylon  
  18  1:27  Photon Cannon x2  
  18  1:32  Gateway  
  18  1:37  Probe  
  19  1:50  Probe  
  19  1:53  Photon Cannon  
  20  2:02  Pylon  
  20  2:19  Gateway  
  20  2:22  Cybernetics Core  
  20  2:24  Pylon  
  20  2:29  Photon Cannon  
  20  2:31  Probe  
  21  2:43  Probe  
  21  2:54  Photon Cannon  
  21  2:58  Stalker (Chrono Boost)  
  23  3:07  Shield Battery, Stalker (Chrono Boost)  
  25  3:17  Shield Battery  
  25  3:21  Stalker (Chrono Boost)  
  27  3:30  Shield Battery  
  27  3:35  Stalker  
  27  3:40  Warp Gate (Chrono Boost)  
  29  3:49  Pylon  
  29  4:14  Stalker x2  
  31  4:22  Shield Battery x2  
  31  4:26  Gateway  
  31  4:44  Stalker x2  
  35  4:47  Shield Battery  
  35  4:55  Shield Battery  
  31  5:24  Stalker x2  
Spawning Tool Build Advisor. Get it on Overwolf

Go to:

Details

  • Created by: zuka      
  • Published on: Oct 29, 2019
  • Patch: 4.7.1
Show
View Real Time Build Order
Export as new Build Order

Comments (0)

There are no comments. Be the first!

Create an account to comment!